 Dungeon Crawl Stone Soup version 0.20-a0-876-g2c7b0bf (webtiles) character file.

3811 4thArraOfDagon the Carver (level 9, 0/74 HPs)
             Began as a Demigod Wanderer on Mar 15, 2017.
             Slain by a large abomination (33 damage)
             ... on level 10 of the Dungeon.
             The game lasted 00:17:30 (5234 turns).

4thArraOfDagon the Carver (Demigod Wanderer)        Turns: 5234, Time: 00:17:31

Health: 0/74       AC: 11    Str: 15    XL:     9   Next: 65%
Magic:  9/16       EV: 10    Int: 20    God:
Gold:   247        SH:  0    Dex: 17    Spells: 8/8 levels left

rFire    . . .     SeeInvis .   s - +0 scimitar (slice)
rCold    + . .     Gourm    .   L - +3 ring mail
rNeg     . . .     Faith    .   (no shield)
rPois    .         Spirit   .   B - +2 helmet
rElec    .         Reflect  .   (no cloak)
rCorr    .         Harm     .   (no gloves)
MR       .....                  (no boots)
Stlth    +.........             C - amulet of rage
Regen    0.3/turn               F - ring of protection from cold
MPRegen  0.2/turn               (no ring)

@: exhausted, slowed, very slow
A: high mp 1
a: Evoke Berserk Rage


You were on level 10 of the Dungeon.
You were not hungry.

You visited 1 branch of the dungeon, and saw 12 of its levels.

You collected 247 gold pieces.

Inventory:

Hand Weapons
 a - a +4 shortbow
 g - a +0 flail
 p - a +0 long sword
 s - a +0 scimitar of slicing (weapon)
 J - a cursed -1 short sword
 K - the +5 demon whip "Spellbinder" {antimagic, MR+}
   (You found it on level 10 of the Dungeon)

   It reduces the magical energy of the wielder, and disrupts the spells and
   magical abilities of those hit.
   Natural abilities and divine invocations are not affected.
   It affects your resistance to hostile enchantments.
Missiles
 b - 53 arrows
Armour
 c - a +0 ring mail
 y - a +0 scale mail
 B - a +2 helmet (worn)
 D - a cursed +0 shield
 L - a +3 ring mail (worn)
Jewellery
 o - an uncursed ring of fire
 C - an amulet of rage (around neck)
 F - a ring of protection from cold (right hand)
Wands
 e - a wand of polymorph (7/24)
Scrolls
 d - 2 scrolls of recharging {unknown}
 h - 3 scrolls of random uselessness
 i - 2 scrolls of amnesia
 j - a scroll of immolation {unknown}
 l - a scroll of fear
 q - a scroll of vulnerability {unknown}
 v - 2 scrolls of remove curse
 G - 2 scrolls of blinking {unknown}
 H - a scroll of magic mapping {unknown}
 I - 3 scrolls of enchant armour {unknown}
Potions
 m - a potion of might
 n - 2 potions of lignification {unknown}
 r - 5 potions of heal wounds
 t - a potion of berserk rage
 u - a potion of mutation
 w - a potion of haste
 x - 3 potions of curing {unknown}
 z - a potion of brilliance {unknown}
 A - 2 potions of flight
 E - a potion of agility {unknown}
Comestibles
 f - 2 bread rations


   Skills:
 - Level 5.2 Fighting
 * Level 9.7 Long Blades
 - Level 5.4 Bows
 - Level 1.7 Armour
 - Level 1.0 Stealth
 - Level 1.0 Shields
 + Level 5.6 Evocations


You had 8 spell levels left.
You didn't know any spells.

Dungeon Overview and Level Annotations

Branches:
Dungeon (12/15)            Temple (0/1) D:7
   Lair: D:8-11         Orc: D:9-12

Shops:
D:4 (

Annotations:
D:8 JetFlynn's ghost, novice MfSk
D:9 Voxish's ghost, legendary KoCK


Innate Abilities, Weirdness & Mutations

You have an increased reservoir of magic. (+10% MP)


Message History

The small abomination closely misses you.
You slice the small abomination!!
You destroy the small abomination!
You swing at nothing.
You hit the large abomination.
The large abomination is lightly damaged.
You slash the large abomination!
The large abomination is moderately damaged.
The large abomination hits you.
You slash the large abomination!
The large abomination is severely damaged.
The large abomination barely misses you.
You hit the large abomination but do no damage.
The large abomination is severely damaged.
You hit the large abomination but do no damage.
The large abomination is severely damaged.
You are no longer berserk.
You are exhausted.
You feel yourself slow down. The large abomination hits you!!
You die...

##+###### #.......# ##
#.......###########+###
#.
#.......XX@.##........#
#.
+.......###..#........+
#. #.......#
##.#........#.##.
##.......#
#.'........#....
#........#
###........####.
#)######## #####'####
#> ######'### #.# #.
#....xX..# #.# ##
#........# ##.#####


You could see 2 large abominations.

Vanquished Creatures
  A two-headed ogre (D:11)
  A wizard (D:10)
  2 hippogriffs (D:10)
  The ghost of Iwannabefree the Caller, an amateur DESu (D:4)
  Duvessa (D:6)
  3 small abominations (D:10)
  2 phantoms
  A sky beast (D:7)
  A wolf (D:9)
  2 ogres (D:10)
  4 bullfrogs
  Dowan (D:6)
  2 killer bees (D:10)
  3 wights (D:11)
  2 crimson imps
  A bullfrog zombie (D:5)
  2 hounds
  2 jellies (D:6)
  2 orc priests
  A centaur skeleton (D:7)
  An orc wizard (D:5)
  A bullfrog skeleton (D:10)
  Jessica (D:2)
  2 iguanas
  6 worker ants
  A hound skeleton (D:4)
  Robin (D:4)
  A howler monkey skeleton (D:5)
  7 adders
  A shadow imp (D:6)
  An ooze (D:2)
  A worm (D:3)
  3 dart slugs
  3 leopard geckos
  13 orcs
  3 giant cockroaches
  17 goblins
  7 hobgoblins
  6 jackals
  13 kobolds
  A ball python (D:1)
  4 bats
  7 frilled lizards
  A leopard gecko skeleton (D:7)
  6 rats
  A bush (D:2)
144 creatures vanquished.

Notes
Turn   | Place    | Note
-------+----------+-------------------------------------------
     0 | D:1      | 4thArraOfDagon the Demigod Wanderer began the quest for the Orb.
     0 | D:1      | 4thArraOfDagon set off with: a +2 shortbow, 26 arrows, a +0 ring mail, a scroll of teleportation, a bread ration
     0 | D:1      | Reached XP level 1. HP: 18/18 MP: 3/3
   104 | D:3      | Found a white marble altar of Elyvilon.
   127 | D:3      | You fall through a shaft for 2 floors!
   127 | D:5      | Entered Level 5 of the Dungeon
   208 | D:4      | Reached XP level 2. HP: 25/25 MP: 4/4
   375 | D:5      | Noticed a phantom
   391 | D:6      | Reached XP level 3. HP: 30/30 MP: 5/5
   409 | D:6      | Found an iron altar of Okawaru.
   409 | D:6      | Noticed Dowan
   672 | D:8      | Noticed a hippogriff
   679 | D:7      | Found an ornate altar of the Wu Jian Council.
   692 | D:7      | Reached XP level 4. HP: 38/38 MP: 6/6
   728 | D:7      | Noticed a sky beast
   746 | D:7      | Killed a sky beast
   746 | D:7      | Reached XP level 5. HP: 38/46 MP: 7/7
   820 | D:7      | Found a staircase to the Ecumenical Temple.
   903 | D:7      | Reached skill level 5 in Bows
  1208 | D:7      | Reached XP level 6. HP: 53/53 MP: 8/8
  1254 | D:6      | Reached skill level 1 in Long Blades
  1336 | D:6      | Reached skill level 2 in Long Blades
  1480 | D:5      | Reached skill level 5 in Fighting
  1514 | D:4      | Noticed Iwannabefree's ghost (amateur DESu)
  1550 | D:5      | Reached XP level 7. HP: 52/61 MP: 9/9
  1612 | D:5      | Reached skill level 3 in Long Blades
  1663 | D:4      | Noticed Robin
  1782 | D:4      | Found Qusu Zim's Antique Weapon Emporium.
  2047 | D:4      | Killed Robin
  2085 | D:4      | Killed Iwannabefree's ghost
  2085 | D:4      | Reached skill level 4 in Long Blades
  2085 | D:4      | Reached skill level 1 in Evocations
  2279 | D:3      | Found a faded altar of an unknown god.
  3478 | D:2      | Noticed Jessica
  3483 | D:2      | Killed Jessica
  3576 | D:2      | Found a sacrificial altar of Ru.
  3593 | D:2      | Found a burning altar of Makhleb.
  3597 | D:2      | Found a basalt altar of Yredelemnul.
  3599 | D:2      | Found a deep blue altar of Sif Muna.
  3599 | D:2      | Found a snail-covered altar of Cheibriados.
  3600 | D:2      | Found a hide-covered altar of Uskayaw.
  3601 | D:2      | Found a blossoming altar of Fedhas.
  3602 | D:2      | Found a hazy altar of Hepliaklqana.
  3603 | D:2      | Found a glowing golden altar of the Shining One.
  3604 | D:2      | Found a bloodstained altar of Trog.
  3660 | D:2      | Reached skill level 5 in Long Blades
  4091 | D:6      | Reached XP level 8. HP: 21/68 MP: 12/12
  4167 | D:6      | Noticed Duvessa
  4176 | D:6      | Killed Duvessa
  4182 | D:6      | Killed Dowan
  4182 | D:6      | Reached skill level 6 in Long Blades
  4282 | D:8      | Noticed JetFlynn's ghost (novice MfSk)
  4430 | D:10     | Entered Level 10 of the Dungeon
  4430 | D:10     | Noticed a hippogriff
  4437 | D:10     | Killed a hippogriff
  4456 | D:10     | Noticed a hippogriff
  4467 | D:10     | Killed a hippogriff
  4467 | D:10     | Reached skill level 7 in Long Blades
  4670 | D:10     | Noticed a hornet
  4785 | D:11     | Noticed a two-headed ogre
  4811 | D:11     | Killed a two-headed ogre
  4811 | D:11     | Reached skill level 8 in Long Blades
  4811 | D:11     | Reached XP level 9. HP: 52/74 MP: 15/15
  4830 | D:11     | Noticed a purple ugly thing
  4950 | D:9      | Reached skill level 5 in Evocations
  5084 | D:9      | Noticed Voxish's ghost (legendary KoCK)
  5162 | D:10     | Noticed a wizard
  5172 | D:10     | Killed a wizard
  5172 | D:10     | Reached skill level 9 in Long Blades
  5202 | D:10     | Noticed a large abomination
  5234 | D:10     | Slain by a large abomination

Vault maps used:
D:1:      roderic_octagonal_star
D:2:      nicolae_ru_awakened_eye, minitemple, serial_forest,
          infiniplex_forest_clump_curved, infiniplex_forest_clump_curved,
          infiniplex_forest_lined_2, infiniplex_forest_lined_2,
          infiniplex_forest_corner_2, infiniplex_forest_clump_C, uniq_jessica
D:3:      elyvilon_altar_4, chequers_ecumenical_altar_simple_redux,
          solitary_fountain
D:4:      serial_shops, nicolae_shop_temple_entry_statues_fountains, uniq_robin
D:5:      grunt_dithmenos_smoke_and_mirrors, first_bread, uniq_blork_the_orc
D:6:      kennysheep_okawaru_gauntlet, uniq_duvessa
D:7:      lemuel_crystal_altar, minmay_temple_entry_glass, uniq_pikel
D:8:      uniq_psyche
D:10:     erik_orc_1, laboratory
D:11:     regret_index_wax_grids, erik_lair_orcish_takeover
D:12:     serial_shops, nicolae_shop_stone

Skill      XL: |  1  2  3  4  5  6  7  8  9 |
---------------+----------------------------+-----
Bows           | 3 4 5 |  5.4
Fighting       | 3 4 5 |  5.2
Long Blades    | 2 5 8 9 |  9.7
Evocations     | 1 4 5 |  5.6
Armour         | |  1.7
Stealth        | |  1.0
Shields        | |  1.0

Action                   |  1- 3 |  4- 6 |  7- 9 || total
-------------------------+-------+-------+-------++-------
Melee: Scimitar          |       |     4 |   322 ||   326
       Demon whip        |       |       |     6 ||     6
 Fire: Shortbow          |    23 |    67 |    72 ||   162
 Abil: Evoke Berserk Rag |       |       |     8 ||     8
Evoke: Wand              |       |       |     2 ||     2
  Use: Potion            |     2 |       |       ||     2
       Scroll            |     1 |     3 |    10 ||    14
  Eat: Chunk             |       |     2 |    12 ||    14
       Royal jelly       |       |       |     2 ||     2
       Meat ration       |       |       |     1 ||     1
Armor: Ring mail         |     4 |    11 |    51 ||    66
       Scale mail        |       |       |   116 ||   116
Dodge: Dodged            |     5 |    17 |   151 ||   173
       Rpst.: Scimitar   |       |     1 |    38 ||    39
